 Dungeon Crawl Stone Soup version 0.21.0-3-g78d12a8 (webtiles) character file.

4432 grisnicke the Covert (level 10, 0/77 HPs)
             Began as a Vampire Skald on Jan 11, 2018.
             Was a Follower of Wu Jian.
             Slain by dobroeutro's ghost (20 damage)
             ... on level 9 of the Dungeon.
             The game lasted 01:15:24 (11578 turns).

grisnicke the Covert (Vampire Skald)               Turns: 11578, Time: 01:15:25

Health: 0/77       AC:  9    Str: 12    XL:     10   Next: 14%
Magic:  11/13      EV: 15    Int: 17    God:    Wu Jian [*.....]
Gold:   533        SH:  5    Dex: 14    Spells: 5/13 levels left

rFire    + . .     SeeInvis +   a - +6 short sword (elec)
rCold    + . .     Gourm    .   r - +0 buckler
rNeg     + + .     Faith    .   M - +2 leather armour {rF+}
rPois    +         Spirit   .   (no helmet)
rElec    .         Reflect  .   (no cloak)
rCorr    .         Harm     .   z - +0 pair of gloves
MR       +....                  (no boots)
Stlth    ++++++....             (no amulet)
HPRegen  0.11/turn              N - +3 ring of protection
MPRegen  0.13/turn              U - ring of stealth {Stlth+}

@: regenerating slowly
A: fangs 3, see invisible, unbreathing
a: Bat Form, Renounce Religion


You were on level 9 of the Dungeon.
You worshipped Wu Jian.
Wu Jian was aware of your devotion.
You were near bloodless.

You visited 2 branches of the dungeon, and saw 10 of its levels.

You collected 533 gold pieces.

Inventory:

Hand Weapons
 a - a +6 short sword of electrocution (weapon)
   (You took it off Terence on level 3 of the Dungeon)
 b - a +0 hunting sling
   (You found it on level 1 of the Dungeon)
 l - a +0 blowgun
   (You found it on level 8 of the Dungeon)
 s - a +0 rapier
   (You found it on level 3 of the Dungeon)
 u - a +3 whip
   (You found it on level 3 of the Dungeon)
 w - a +2 dagger of venom
   (You found it on level 1 of the Dungeon)
 H - a +2 falchion of slicing
   (You took it off an orc on level 5 of the Dungeon)
 J - the +2 spear of Death {speed, rF- rN+ Dex+5, unknown}
   (You found it on level 5 of the Dungeon)

   Attacks with this weapon are significantly faster.
   It affects your dexterity (+5).
   It makes you vulnerable to fire.
   It protects you from negative energy.
Missiles
 e - 322 stones (quivered)
 C - 7 poisoned needles
 Q - 12 tomahawks
Armour
 i - the +6 scale mail of Curiosity {rN++ Regen+ Str+2 Stlth-, unknown}
   (You found it on level 8 of the Dungeon)

   It affects your strength (+2).
   It greatly protects you from negative energy.
   It increases your rate of regeneration.
   It makes you less stealthy.
 r - a +0 buckler (worn)
   (You found it on level 4 of the Dungeon)
 z - a +0 pair of gloves (worn)
   (You found it on level 3 of the Dungeon)
 D - the +1 ice dragon scales of Optimism {rF- rC++ MP+9 Int+4 Stlth+}
   (You found it on level 5 of the Dungeon)

   It affects your intelligence (+4).
   It makes you vulnerable to fire.
   It greatly protects you from cold.
   It affects your magic capacity (+9).
   It makes you more stealthy.
 M - a +2 leather armour of fire resistance (worn)
   (You found it on level 6 of the Dungeon)
 V - the +3 leather armour of Democracy {*Slow Str-2 Dex+5 SInv, unknown}
   (You found it on level 9 of the Dungeon)

   It affects your strength (-2).
   It affects your dexterity (+5).
   It lets you see invisible.
   It may slow you when you take damage.
Magical Staves
 y - an uncursed staff of cold {rC+}
   (You found it on level 3 of the Dungeon)
Jewellery
 I - an uncursed amulet of faith {Faith, !P}
   (You found it on level 5 of the Dungeon)
 L - an uncursed ring of fire {rF+, rC-}
   (You found it on level 6 of the Dungeon)
 N - a +3 ring of protection (left hand)
   (You found it on level 6 of the Dungeon)
 P - an uncursed ring of protection from cold {rC+, !d}
   (You took it off a centaur on level 6 of the Dungeon)
 U - a ring of stealth (right hand) {Stlth+}
   (You found it on level 9 of the Dungeon)
Wands
 k - a wand of digging (11)
   (You took it off Ijyb on level 5 of the Dungeon)
 x - a wand of iceblast (15)
   (You found it on level 3 of the Dungeon)
 O - a wand of acid (17)
   (You found it on level 6 of the Dungeon)
 T - a wand of polymorph (21)
   (You found it on level 7 of the Dungeon)
Scrolls
 f - 5 scrolls of remove curse
 g - 2 scrolls of magic mapping {!r}
 j - 2 scrolls of blinking {!r}
 n - 4 scrolls of teleportation
 p - 4 scrolls of amnesia
 t - 2 scrolls of enchant weapon
 A - 2 scrolls of fear {unknown}
 E - a scroll of fog {unknown}
 F - a scroll of random uselessness {unknown}
Potions
 d - 13 potions of blood {@q1}
 h - a potion of haste
 m - 4 potions of heal wounds
 o - 2 potions of brilliance
 q - a potion of resistance {unknown}
 v - 2 potions of agility
 B - a potion of berserk rage {!q}
 G - a potion of might {unknown}
 K - 2 potions of mutation {unknown}
 R - 2 potions of flight {unknown}
 S - a potion of degeneration {unknown}
Books
 c - a book of Battle


   Skills:
 + Level 6.6 Fighting
 * Level 6.0(6.6) Short Blades
 - Level 3.6(5.1) Long Blades
 + Level 3.8 Armour
 - Level 6.0 Dodging
 - Level 8.6 Stealth
 - Level 4.1 Shields
 - Level 2.0 Spellcasting
 - Level 5.0 Hexes
 - Level 5.0 Charms


You had 5 spell levels left.
You knew the following spells:

 Your Spells              Type           Power        Failure   Level  Hunger
a - Infusion              Chrm           ###.         3%          1    #......
s - Shroud of Golubria    Chrm/Tloc      ##........   13%         2    ###....
z - Spectral Weapon       Hex/Chrm       ###.....     10%         3    ###....
S - Song of Slaying       Chrm           ###.....     4%          2    ###....


Dungeon Overview and Level Annotations

Branches:
Dungeon (9/15)             Temple (1/1) D:5            Lair (0/6) D:8
    Orc: D:9-12

Altars:
Cheibriados
Elyvilon
Fedhas
Gozag
Hepliaklqana
Kikubaaqudgha
Makhleb
Okawaru
Qazlal
Sif Muna
Trog
Uskayaw
Vehumet
Wu Jian
Zin

Annotations:
D:8 exclusions: basilisk, crocodile, hippogriff and 1 more exclusion
D:9 exclusion: Erica, Erica; dobroeutro's ghost, journeyman DsFi


Innate Abilities, Weirdness & Mutations

You heal slowly.
You have razor-sharp teeth.
You have supernaturally acute eyesight. (SInv)
You can survive without breathing.


Message History

The Council accepts your kill.
V - a transparent leather armour
Okay, then.
A wyvern comes into view.
You lunge at the wyvern, in a flurry of attacks.
The helpless wyvern fails to defend itself.
You bite the wyvern, and draw its blood!
You feel slightly less thirsty.
You skewer the wyvern like a kebab!!!
You kill the wyvern!
The Council accepts your kill.
Your Short Blades skill increases to level 6!
You see here a leather armour.
Found a stone staircase leading down.
You now have 533 gold pieces (gained 20).
You see here a chain mail.
Found a stone staircase leading up.
An iguana comes into view.
The iguana hisses angrily.
You lunge at the iguana, in a flurry of attacks.
You completely miss the iguana. You hit the iguana.
The iguana is poisoned.
The iguana misses you.
You hit the iguana. The iguana closely misses you.
You hit the iguana.
The iguana looks as sick as possible!
The iguana bites you.
You take 5 damage, and have 72/77 hp.
You hit the iguana but do no damage.
The iguana looks as sick as possible!
Your bite misses the iguana. You hit the iguana.
The iguana looks as sick as possible!
The iguana barely misses you.
You hit the iguana.
You kill the iguana!
The Council accepts your kill.
You see here an iguana corpse.
You bottle the corpse's blood.
d - 13 potions of blood {@q1} (gained 1) Dobroeutro's ghost (journeyman Demonspawn Fighter) comes into view.
It is wielding a weapon of electrocution.
There is a stone staircase leading up here.
Here: dobroeutro's ghost, wielding a weapon of electrocution (hasn't noticed you)
The floor.
Okay, then.
Unknown command.
Your +2 dagger of venom stops dripping with poison.
You hear the crackle of electricity.
a - a +6 short sword of electrocution (weapon)
Space distorts slightly along a thin shroud covering your body.
You now have 11/13 mp.
Your shroud begins to fray at the edges.
Your shroud unravels.
You lunge at dobroeutro's ghost.
You hit dobroeutro's ghost but do no damage.
Dobroeutro's ghost shouts, "You must not succeed where I failed!"
Dobroeutro's ghost hits you but does no damage.
You draw out your weapon's spirit!
Dobroeutro's ghost hits you.
You take 5 damage, and have 69/77 hp.
You now have 9/13 mp.
You miss dobroeutro's ghost. Your bite misses dobroeutro's ghost.
Your spectral weapon barely misses dobroeutro's ghost.
Dobroeutro's ghost barely misses you.
You miss dobroeutro's ghost. You bite dobroeutro's ghost.
Your spectral weapon hits dobroeutro's ghost but does no damage.
Dobroeutro's ghost completely misses you.
You closely miss dobroeutro's ghost.
Your spectral weapon hits dobroeutro's ghost but does no damage.
Dobroeutro's ghost hits you!
You take 12 damage, and have 58/77 hp.
You closely miss dobroeutro's ghost.
Your spectral weapon barely misses dobroeutro's ghost.
You miss dobroeutro's ghost.
Your spectral weapon hits dobroeutro's ghost but does no damage.
Lightning courses through dobroeutro's ghost!
Dobroeutro's ghost hits you!
You take 7 damage, and have 51/77 hp.
You hit dobroeutro's ghost.
Lightning courses through dobroeutro's ghost!
Your spectral weapon barely misses dobroeutro's ghost.
Dobroeutro's ghost closely misses you.
You hit dobroeutro's ghost but do no damage.
Your spectral weapon hits dobroeutro's ghost!
Dobroeutro's ghost closely misses you.
You hit dobroeutro's ghost but do no damage.
Your spectral weapon barely misses dobroeutro's ghost.
You miss dobroeutro's ghost.
Your spectral weapon completely misses dobroeutro's ghost.
Dobroeutro's ghost hits you!
You take 13 damage, and have 38/77 hp.
Dobroeutro's ghost hits your spectral weapon!
Your spectral weapon shares its damage with you!
A yak comes into view.
You take 7 damage, and have 31/77 hp.
A yak comes into view.
The yak moves out of view.
A yak comes into view.
You spin and attack dobroeutro's ghost.
The yak bellows!
You hit dobroeutro's ghost but do no damage.
Lightning courses through dobroeutro's ghost!
You feel almost devoid of blood!
You hear a shout!
The yak moves out of view.
Dobroeutro's ghost hits you!
* * * LOW HITPOINT WARNING * * *
You are electrocuted!
You die...

y...######...........# .
###)##.[...## #.#.......# #
### #.. #.#.......# .##.. #..
##.#.......# ....# #.#
##..##.....## ....#
#.###########..##.....##
....## #.##..............#####
#..<.# #.##....(@.Y<.........
###..###.##....W...#.........
##.....##..................
##..#...........#...Y.....
####...............#####.....
.......#.#.######.## .....
...............##.#####.....@
###...##.##.##รท..............
#..####....####...#####....


You could see 2 yaks, dobroeutro's ghost (pinned) and a friendly spectral short
sword of electrocution.

Vanquished Creatures
  A two-headed ogre (D:8)
  A queen bee (D:8)
  Prince Ribbit (D:5)
  A wyvern (D:9)
  Grum (D:8)
  The ghost of dscm the Skirmisher, an amateur OpFi (D:4)
  Duvessa (D:5)
  2 black bears
  2 ogres
  3 wolves (D:8)
  2 centaurs
  5 bullfrogs
  Blork the orc (D:6)
  Dowan (D:5)
  2 scorpions
  15 killer bees (D:8)
  2 crimson imps
  5 hounds
  3 orc priests
  A centaur zombie (D:7)
  Terence (D:3)
  5 iguanas
  Ijyb (D:5)
  5 orc wizards
  4 worker ants
  A hound zombie (D:5)
  A hound skeleton (D:6)
  5 adders
  A gnoll (D:1)
  A shadow imp (D:6)
  2 adder skeletons
  3 worms
  4 dart slugs
  9 leopard geckos
  16 orcs
  A giant cockroach (D:1)
  3 hobgoblins
  8 jackals
  3 quokkas
  3 ball pythons
  5 bats
  7 frilled lizards
  4 goblins
  A jackal skeleton (D:6)
  9 kobolds
  A quokka skeleton (D:6)
  10 rats
165 creatures vanquished.

Vanquished Creatures (others)
  A spectral weapon (D:5)
1 creature vanquished.

Grand Total: 166 creatures vanquished

Notes
Turn   | Place    | Note
-------+----------+-------------------------------------------
     0 | D:1      | grisnicke the Vampire Skald began the quest for the Orb.
     0 | D:1      | Reached XP level 1. HP: 16/16 MP: 3/3
   188 | D:1      | Reached skill level 2 in Fighting
   188 | D:1      | Reached XP level 2. HP: 21/22 MP: 0/5
   736 | D:1      | Learned a level 2 spell: Shroud of Golubria
  1123 | D:2      | Reached XP level 3. HP: 25/27 MP: 6/6
  1355 | D:2      | Reached skill level 3 in Long Blades
  1856 | D:2      | Found a bloodstained altar of Trog.
  2495 | D:2      | Learned a level 3 spell: Spectral Weapon
  2568 | D:3      | Reached XP level 4. HP: 34/34 MP: 7/7
  2882 | D:3      | Noticed Terence
  2898 | D:3      | Killed Terence
  2898 | D:3      | Reached skill level 4 in Charms
  3619 | D:4      | Found a hazy altar of Hepliaklqana.
  3619 | D:4      | Found an ancient bone altar of Kikubaaqudgha.
  3619 | D:4      | Found an iron altar of Okawaru.
  3624 | D:4      | Reached skill level 1 in Short Blades
  3644 | D:4      | Reached skill level 1 in Hexes
  3684 | D:4      | Found a blossoming altar of Fedhas.
  3929 | D:4      | Reached XP level 5. HP: 40/40 MP: 8/8
  3990 | D:4      | Reached skill level 2 in Short Blades
  4001 | D:4      | Reached skill level 3 in Fighting
  4013 | D:4      | Reached skill level 2 in Hexes
  4060 | D:4      | Reached skill level 1 in Shields
  4237 | D:4      | Reached XP level 6. HP: 36/47 MP: 5/9
  4249 | D:4      | Noticed dscm's ghost (amateur OpFi)
  4301 | D:4      | Killed dscm's ghost
  4301 | D:4      | Reached skill level 3 in Short Blades
  4301 | D:4      | Reached skill level 3 in Hexes
  4564 | D:5      | Entered Level 5 of the Dungeon
  4607 | D:5      | Got brightly glowing ice dragon scales
  5012 | D:5      | Found a bloodstained altar of Trog.
  5032 | D:5      | Reached XP level 7. HP: 36/52 MP: 10/10
  5038 | D:5      | Reached skill level 4 in Short Blades
  5038 | D:5      | Reached skill level 2 in Shields
  5060 | D:5      | Noticed Ijyb
  5075 | D:5      | Killed Ijyb
  5242 | D:5      | Noticed Duvessa
  5242 | D:5      | Noticed Dowan
  5533 | D:5      | Found a staircase to the Ecumenical Temple.
  5542 | Temple   | Entered the Ecumenical Temple
  5565 | Temple   | Became a worshipper of the Wu Jian Council
  5623 | D:5      | Reached skill level 4 in Hexes
  5802 | D:5      | Got a translucent spear
  5805 | D:5      | Noticed Prince Ribbit
  5898 | D:5      | Reached skill level 4 in Fighting
  5974 | D:5      | Killed Prince Ribbit
  5974 | D:5      | Reached skill level 5 in Short Blades
  6153 | D:6      | Reached XP level 8. HP: 46/60 MP: 11/11
  6346 | D:6      | Reached skill level 1 in Stealth
  6346 | D:6      | Reached skill level 5 in Hexes
  6351 | D:6      | Reached skill level 3 in Shields
  6407 | D:6      | Learned a level 2 spell: Song of Slaying
  6415 | D:6      | Reached skill level 2 in Stealth
  6450 | D:6      | Identified the cursed +1 ice dragon scales of Optimism {rF- rC++ MP+9 Int+4 Stlth+} (You found it on level 5 of the Dungeon)
  6894 | D:6      | Reached skill level 3 in Stealth
  6987 | D:6      | Noticed Blork the orc
  7436 | D:7      | Reached skill level 5 in Fighting
  7436 | D:7      | Reached skill level 4 in Stealth
  7436 | D:7      | Reached skill level 4 in Shields
  7496 | D:7      | Found a glowing silver altar of Zin.
  8273 | D:8      | Found a snail-covered altar of Cheibriados.
  8322 | D:8      | Noticed Grum
  8361 | D:8      | Reached skill level 5 in Stealth
  8381 | D:8      | Reached skill level 3 in Dodging
  8392 | D:8      | Killed Grum
  8393 | D:8      | Reached skill level 6 in Stealth
  8393 | D:8      | Reached skill level 5 in Charms
  8638 | D:8      | Reached XP level 9. HP: 68/68 MP: 12/12
  8641 | D:8      | Noticed a queen bee
  8664 | D:8      | Killed a queen bee
  8664 | D:8      | Reached * piety under Wu Jian
  8664 | D:8      | Reached skill level 1 in Armour
  8664 | D:8      | Reached skill level 4 in Dodging
  9162 | D:8      | Reached skill level 7 in Stealth
  9256 | D:8      | Reached skill level 2 in Armour
  9700 | D:8      | Noticed a two-headed ogre
  9734 | D:8      | Killed a two-headed ogre
  9734 | D:8      | Reached skill level 6 in Fighting
  9734 | D:8      | Reached skill level 3 in Armour
  9734 | D:8      | Reached skill level 5 in Dodging
  9734 | D:8      | Reached skill level 8 in Stealth
  9999 | D:8      | Got a pitted scale mail
 10141 | D:8      | Found a staircase to the Lair.
 10480 | D:5      | Found a bloodstained altar of Trog.
 10763 | D:5      | Killed Duvessa
 10782 | D:5      | Killed Dowan
 11218 | D:6      | Killed Blork the orc
 11218 | D:6      | Reached skill level 6 in Dodging
 11218 | D:6      | Reached XP level 10. HP: 77/77 MP: 9/13
 11377 | D:9      | Noticed Erica
 11451 | D:9      | Got a transparent leather armour
 11463 | D:9      | Reached skill level 6 in Short Blades
 11549 | D:9      | Noticed dobroeutro's ghost (journeyman DsFi)
 11578 | D:9      | Slain by dobroeutro's ghost

Skill      XL: |  1  2  3  4  5  6  7  8  9 10 |
---------------+-------------------------------+-----
Fighting       | 2 3 4 5 6 |  6.6
Long Blades    | 3 |  3.6
Charms         | 4 5 |  5.0
Short Blades   | 1 2 3 5 6 |  6.0
Hexes          | 1 2 3 4 5 |  5.0
Shields        | 1 2 4 |  4.1
Stealth        | 6 8 |  8.6
Dodging        | 3 6 |  6.0
Armour         | 3 |  3.8
Spellcasting   | |  2.0

Action                   |  1- 3 |  4- 6 |  7- 9 | 10-12 || total
-------------------------+-------+-------+-------+-------++-------
Melee: Falchion          |    70 |       |       |       ||    70
       Bite              |    11 |    10 |    18 |     1 ||    40
       Dagger            |    57 |    16 |   111 |    11 ||   195
       Short sword       |       |    82 |   155 |    18 ||   255
 Fire: Hunting sling     |    36 |    53 |    33 |       ||   122
       Blowgun           |       |       |     4 |       ||     4
Throw: Stone             |       |       |    11 |       ||    11
 Cast: Infusion          |     1 |     4 |       |       ||     5
       Spectral Weapon   |       |       |     8 |     1 ||     9
       Shroud of Golubri |       |       |     5 |     1 ||     6
Invok: Lunge             |       |       |    25 |     7 ||    32
       Whirlwind         |       |       |       |     1 ||     1
 Abil: End Transformatio |     1 |       |     1 |       ||     2
       Bat Form          |     1 |       |     1 |       ||     2
Evoke: Wand              |       |       |     6 |       ||     6
  Use: Potion            |     3 |     7 |    13 |       ||    23
       Scroll            |     1 |     9 |     6 |       ||    16
 Stab: Sleeping          |       |     4 |     4 |     6 ||    14
       Distracted        |       |       |     2 |     1 ||     3
Armor: Leather armour    |     7 |       |    34 |     1 ||    42
       Ring mail         |    18 |    22 |    19 |       ||    59
Dodge: Dodged            |   100 |    31 |   115 |     8 ||   254
Block: Buckler           |       |    11 |    43 |     1 ||    55
       Rpst.: Falchion   |    14 |       |       |       ||    14

Vault maps used:
D:1:      dpeg_arrival_castle, minmay_cut_off
D:2:      lightli_temple_of_fire, serial_bayou, serial_bayou_pond_d,
          serial_bayou_shore_b, serial_bayou_pond_b, serial_bayou_lagoon_a,
          minmay_fountain_box
D:3:      serial_bayou_ford_a, kennysheep_generic_room_6, uniq_terence
D:4:      overflow_temple_1_default, gammafunk_temple_overflow_forgotten,
          minmay_lizard_king
D:5:      lemuel_temple_firewalk_b, first_ration, basic_altar,
          bh_walls_and_bars, uniq_prince_ribbit1, uniq_ijyb, uniq_duvessa
D:6:      uniq_blork_the_orc
D:7:      basic_altar
D:8:      david_lair_generic, david_nohive_1, cheibriados_altar_1, uniq_grum
D:9:      lemuel_mausoleum_altar_yredelemnul, david_orc_5, uniq_erica
Temple:   compressed_dpeg_circular_temple

Table legend:
 A = Turns spent in this place as a percentage of turns spent in the entire game.
 B = Non-inter-level travel turns spent in this place as a percentage of non-inter-level travel turns spent in the entire game.
 C = Inter-level travel turns spent in this place as a percentage of turns spent in this place.
 D = Turns resting spent in this place as a percentage of non-inter-level travel turns spent in this place.
 E = Turns spent auto-exploring this place as a percentage of non-inter-level travel turns spent in this place.
 F = Non-inter-level travel turns spent in this place divided by the number of levels of this place that you've seen.
                   A       B       C       D       E      F
               +-------+-------+-------+-------+-------+----------------------
         Total | 100.0 | 100.0 |   7.8 |  26.5 |  33.2 | 1067.0
       Dungeon |  99.7 |  99.8 |   7.8 |  26.5 |  33.1 | 1182.8
        Temple |   0.3 |   0.2 |  28.6 |   0.0 |  60.0 |  25.0
               +-------+-------+-------+-------+-------+----------------------

Table legend:
 A = Kills in this place as a percentage of kills in entire the game.
 B = Kills by you in this place as a percentage of kills by you in the entire game.
 C = Kills by friends in this place as a percentage of kills by friends in the entire game.
 D = Other kills in this place as a percentage of other kills in the entire game.
 E = Experience gained in this place as a percentage of experience gained in the entire game.
 F = Experience gained in this place divided by the number of levels of this place that you have seen.
                   A       B       C       D       E      F
               +-------+-------+-------+-------+-------+----------------------
         Total | 100.0 | 100.0 |   N/A |   N/A | 100.0 | 633.2
       Dungeon | 100.0 | 100.0 |   N/A |   N/A | 100.0 | 703.6
               +-------+-------+-------+-------+-------+----------------------
